 Dungeon Crawl Stone Soup version 0.22-a0-40-g3d2f077 (webtiles) character file.

555535 KristoblXynda the Eclecticist (level 25, -10/213 HPs)
             Began as a Naga Fighter on Jan 3, 2018.
             Was the Champion of Yredelemnul.
             Killed from afar by a red draconian scorcher (12 damage)
             ... with damnation
             ... on level 1 of the Realm of Zot on Jan 4, 2018.
             The game lasted 04:29:36 (58573 turns).

KristoblXynda the Eclecticist (Naga Fighter)       Turns: 58573, Time: 04:29:39

Health: -10/213    AC: 33    Str: 25 (26) XL:     25   Next: 83%
Magic:  21/53      EV: 12    Int: 18      God:    Yredelemnul [******]
Gold:   3416       SH: 12    Dex: 18 (20) Spells: 33/58 levels left

rFire    + + +     SeeInvis +   i - +8 broad axe
rCold    + + +     Gourm    .   U - +0 shield {AC+3}
rNeg     + . .     Faith    .   H - +1 fire dragon scales
rPois    +         Spirit   .   O - +1 helmet of the Oligarchy {rC++ rCorr Str+4 Int-2}
rElec    .         Reflect  .   t - scarf {rC+ rF+}
rCorr    +         Harm     .   r - +0 pair of gloves {archery}
MR       +++++     Rnd*Tele +   c - +0 naga barding
Stlth    +++++.....             w - amulet of regeneration
HPRegen  0.85/turn              g - ring of the Mutiny {+Blink MR+ MP+9 Int+4 Dex+2}
MPRegen  0.33/turn              M - ring "Foggun" {+Inv rC+ rN+ MR+ Dex+2}

@: berserk cooldown, very slow
A: large, stinger 1, rugged brown scales 1, thin skeletal structure 1, see
invisible, agile 1, deformed body, poison resistance, slowness 2, slow
metabolism 1, spit poison 1, teleportitis 1, MP-powered wands, constrict 1, AC
+8
}: 4/15 runes: decaying, silver, abyssal, gossamer
a: Spit Poison, Recall Undead Slaves, Injury Mirror, Animate Dead, Drain Life,
Enslave Soul, Renounce Religion, Evoke Blink, Evoke Invisibility


You were on level 1 of the Realm of Zot.
You worshipped Yredelemnul.
Yredelemnul was exalted by your worship.
You were not hungry.

You visited 11 branches of the dungeon, and saw 49 of its levels.
You visited the Abyss 3 times.

You collected 8772 gold pieces.
You spent 5356 gold pieces at shops.

Inventory:

Hand Weapons
 i - a +8 broad axe (weapon)
 K - a +8 war axe of electrocution
Missiles
 e - 4 throwing nets (quivered)
Armour
 c - a +0 naga barding (worn)
 r - a +0 pair of gloves of archery (worn)
 t - a scarf of resistance (worn)
 H - +1 fire dragon scales (worn)
 O - the +1 helmet of the Oligarchy (worn) {rC++ rCorr Str+4 Int-2}
   (You found it on level 4 of the Spider Nest)

   It affects your strength (+4).
   It affects your intelligence (-2).
   It greatly protects you from cold.
   It protects you from acid and corrosion.
 U - a +0 shield of protection (worn)
Jewellery
 g - the ring of the Mutiny (left hand) {+Blink MR+ MP+9 Int+4 Dex+2}
   (You bought it in a shop on level 2 of the Depths)

   [ring of magical power]

   It affects your intelligence (+4).
   It affects your dexterity (+2).
   It affects your resistance to hostile enchantments.
   It affects your magic capacity (+9).
   It lets you blink.
 w - an amulet of regeneration (around neck)
 y - an uncursed amulet of magic regeneration
 M - the ring "Foggun" (right hand) {+Inv rC+ rN+ MR+ Dex+2}
   (You took it off a deep elf annihilator on level 5 of the Vaults)

   [ring of protection from cold]

   It affects your dexterity (+2).
   It protects you from cold.
   It protects you from negative energy.
   It affects your resistance to hostile enchantments.
   It lets you turn invisible.
Wands
 k - a wand of disintegration (31)
 p - a wand of iceblast (14)
 x - a wand of paralysis (13)
 G - a wand of acid (10)
 N - a wand of digging (35)
Scrolls
 j - 16 scrolls of identify
 m - 6 scrolls of magic mapping
 n - 9 scrolls of amnesia
 u - 20 scrolls of remove curse
 D - 13 scrolls of fog
 F - 20 scrolls of teleportation
 L - 8 scrolls of immolation
Potions
 a - 3 potions of agility
 b - 3 potions of invisibility
 d - 4 potions of might
 l - 8 potions of haste
 z - 5 potions of ambrosia
 B - 7 potions of magic
 C - 3 potions of resistance
 I - 3 potions of brilliance
 J - 2 potions of cancellation
 V - 4 potions of mutation
Miscellaneous
 h - 2 sacks of spiders
 o - a phial of floods
 E - a lightning rod (4/4)
 Q - a fan of gales (inert)
 R - 2 phantom mirrors
 S - 2 boxes of beasts
 T - a crystal ball of energy
 W - a lamp of fire
Comestibles
 f - 15 rations
 q - a chunk of flesh


   Skills:
 - Level 8.6 Fighting
 - Level 15.0 Axes
 - Level 5.0 Throwing
 - Level 15.0 Armour
 + Level 8.6 Dodging
 + Level 13.5 Stealth
 - Level 9.1 Shields
 - Level 17.2 Spellcasting
 - Level 14.5 Conjurations
 - Level 12.2 Charms
 + Level 6.9 Necromancy
 - Level 8.1 Air Magic
 - Level 15.0 Invocations
 - Level 15.0 Evocations


You had 33 spell levels left.
You knew the following spells:

 Your Spells              Type           Power        Failure   Level  Hunger
a - Regeneration          Chrm/Necr      ######....   1%          3    None
b - Spectral Weapon       Hex/Chrm       #####...     1%          3    None
c - Freezing Cloud        Conj/Ice/Air   #####.....   45%         6    #####..
d - Necromutation         Tmut/Necr      ####......   100%        8    #######
e - Dispel Undead         Necr           #####...     12%         5    ###....


Dungeon Overview and Level Annotations

Branches:
Dungeon (15/15)            Temple (1/1) D:7            Lair (6/6) D:11
  Swamp (4/4) Lair:2       Spider (4/4) Lair:2        Slime (0/5) Lair:5
    Orc (2/2) D:9             Elf (3/3) Orc:2        Vaults (5/5) D:13
  Crypt (3/3) Vaults:2       Tomb (0/3) Crypt:3      Depths (5/5) D:15
    Zot (1/5) Depths:5

Altars:
Ashenzari
Cheibriados
Dithmenos
Elyvilon
Fedhas
Gozag
Hepliaklqana
Kikubaaqudgha
Makhleb
Nemelex Xobeh
Okawaru
Qazlal
Ru
Sif Muna
Trog
Uskayaw
Vehumet
Wu Jian
Xom
Yredelemnul
Zin
The Shining One
Beogh
Jiyva

Shops:
Orc:2 ***:   Elf:3 *   Depths:2 }}=

Portals:
Hell: Depths:1 Depths:2 Depths:3 Depths:4 Depths:5
Abyss: Depths:1 Depths:3 Depths:4 Depths:5
Pandemonium: Depths:2 Depths:3 Depths:5
Ziggurat: Depths:2
Trove: D:11 (give +3 gold dragon scales)

Annotations:
Abyss:1 Aizul, Donald


Innate Abilities, Weirdness & Mutations

You cannot wear boots.
Your serpentine skin is tough. (AC +8)
You have supernaturally acute eyesight. (SInv)
Armour fits poorly on your strangely shaped body.
Your system is resistant to poisons. (rPois)
You cover ground very slowly.
You have a slow metabolism.
You can spit poison.
You can use your snake-like lower body to constrict enemies.
Your tail ends in a poisonous barb.
You are partially covered in rugged brown scales. (AC +1, +3% HP)
You have a somewhat thin skeletal structure. (Dex +2, Stealth)
You are agile. (Dex +2)
You are occasionally teleported next to monsters.
You expend magic power (3 MP) to strengthen your wands.


Message History

Your blink will be uncontrolled - continue anyway?
The Orb prevents control of your translocation!
You blink.
As you read the scroll of blinking, it crumbles to dust.
Okay, then.
You are confused.
You feel invigorated.
You miss the red draconian scorcher.
The red draconian scorcher hits you but does no damage.
The red draconian scorcher points at you and mumbles some strange words.
The bolt of fire misses you.
You feel less invigorated.
You feel less confused.
The red draconian scorcher gestures at you while chanting.
The sphere of damnation explodes!
The damnation engulfs you!
* * * LOW HITPOINT WARNING * * *
The red draconian scorcher casts a spell at you.
The sphere of damnation explodes!
The damnation engulfs you!
You die...
Your body rises from the dead as a mindless zombie.

. .#.).).....##..##...#..
..#
....##......##..##....#.#..#
....#...)......##....#.#..#
..................#...##.#
.................#....#.#
##..#####.......##q....# #..
#...###.##...^.# #.
.....###..#.....## ..
...#####..∩.@#.)## .....#.
#.....#..## ## # #.....#..##
.......##.## .>..#.##.##
..##.# .# ..#.. .# ....#


You could see a red draconian scorcher.

Vanquished Creatures
  An ancient lich (Depths:5)
  2 juggernauts
  Boris (Depths:5)
  Margery (Crypt:1)
  2 golden dragons (Depths:4)
  2 profane servitors
  3 bone dragons
  A shard shrike zombie (Crypt:1)
  4 tentacled monstrosities
  Rupert (Orc:2)
  3 liches
  A deep elf master archer (Elf:3)
  A quicksilver dragon (Depths:5)
  5 tentacled starspawn
  An Executioner (Abyss:2)
  2 shadow dragons
  An ancient champion (Vaults:2)
  Kirke (Lair:6)
  7 sphinxes
  4 storm dragons (Vaults:5)
  A revenant (Crypt:2)
  5 tengu reavers
  A draconian monk (Zot:1)
  A daeva (Abyss:2)
  6 frost giants
  13 fire giants
  5 ghost moths
  The ghost of mopl the Unseen, an adept FoEn of Dithmenos (Swamp:1)
  4 deep elf sorcerers
  5 vault wardens
  A draconian scorcher (Zot:1)
  A deep elf elementalist (Elf:3)
  2 spriggan defenders
  A ghoul (Crypt:2)
  8 ironheart preservers
  A caustic shrike skeleton (Depths:5)
  A draconian annihilator (Depths:5)
  11 stone giants
  2 vampire knights (Depths:5)
  16 very ugly things
  A reaper (Crypt:2)
  8 entropy weavers
  4 deep elf demonologists
  A green draconian (Zot:1)
  2 deep elf annihilators (Elf:3)
  2 red draconians (Zot:1)
  A spark wasp (Depths:5)
  A white draconian (Zot:1)
  2 yellow draconians (Zot:1)
  A dire elephant (Depths:2)
  Azrael (Orc:2)
  5 deep elf death magi
  10 ettins
  6 fire dragons
  6 deep elf high priests
  2 eidola
  A great orb of eyes (Depths:3)
  8 yaktaur captains
  A jiangshi (Crypt:1)
  21 vault guards
  5 rakshasas
  A naga warrior (Abyss:3)
  8 ice dragons
  3 spriggan air magi
  4 alligators
  A hell beast (Depths:2)
  5 hydras
  2 catoblepae
  An anaconda (Depths:2)
  5 ogre magi
  A queen ant (Spider:4)
  21 two-headed ogres
  11 dancing weapons
  12 centaur warriors
  3 tengu warriors
  3 death yaks (Lair:3)
  10 deep troll earth magi
  4 spriggan berserkers
  5 deep troll shamans
  4 vampire magi
  A hell hog (Abyss:3)
  A shock serpent (shapeshifter) (Depths:5)
  9 deep elf knights
  3 thrashing horrors (Abyss:3)
  9 hell knights
  2 sun demons (Depths:3)
  3 shadow wraiths
  7 skeletal warriors
  4 wretched stars (Abyss:3)
  2 iron trolls (Depths:4)
  7 large abominations
  A sixfirhy (Abyss:2)
  3 unseen horrors
  A spatial maelstrom (Abyss:2)
  3 flayed ghosts
  A shadow demon (Abyss:3)
  7 swamp dragons
  2 wizards
  A spriggan druid (Depths:2)
  5 glowing orange brains
  17 deep trolls
  A glowing orange brain (shapeshifter) (Depths:5)
  3 shambling mangroves (Swamp:2)
  6 ironbrand convokers
  2 deep elf archers
  13 wolf spiders
  4 necromancers
  A harpy (shapeshifter) (Vaults:5)
  5 orc knights
  4 phantasmal warriors
  8 harpies
  2 orc sorcerers
  23 deep elf magi
  16 ugly things
  7 orb spiders
  A cyclops (shapeshifter) (Depths:1)
  3 cyclopes
  2 manticores (Depths:2)
  2 salamanders (Depths:2)
  Maurice (D:11)
  4 moths of wrath
  An apocalypse crab (Abyss:3)
  8 vault sentinels
  2 black mambas
  A guardian serpent (Abyss:3)
  A guardian serpent (shapeshifter) (Depths:3)
  2 smoke demons
  3 gargoyles
  2 elephants (Lair:4)
  3 torpor snails
  2 rime drakes (Lair:5)
  4 komodo dragons
  A pale draconian zombie (Crypt:1)
  9 spiny frogs
  18 yaktaurs
  An efreet (D:14)
  7 freezing wraiths
  4 demonic crawlers
  A guardian mummy (D:11)
  An ice devil (Depths:3)
  2 tengu conjurers
  5 ancient zymes (Abyss:3)
  11 hornets
  12 slime creatures
  5 trolls
  11 jumping spiders
  Grinder (D:6)
  A hornet (shapeshifter) (Depths:3)
  A hippogriff (shapeshifter) (Vaults:3)
  A polar bear (Lair:2)
  11 raiju
  3 bog bodies
  4 dream sheep (Lair:5)
  8 hippogriffs
  12 blink frogs
  31 redbacks
  2 air elementals (Depths:4)
  2 flying skulls (Crypt:3)
  3 water elementals
  2 vampires
  A small abomination (Abyss:3)
  12 tarantellas
  7 wraiths
  2 wyverns
  2 shadows
  A spriggan (shapeshifter) (Depths:3)
  5 spriggans
  2 golden eyes (shapeshifter) (Vaults:3)
  5 hogs
  26 yaks
  A hungry ghost (D:12)
  3 basilisks
  2 fire bats (Abyss:3)
  A human (D:12)
  4 golden eyes
  2 neqoxecs (Abyss:3)
  16 vampire mosquitoes
  A chaos spawn (Abyss:3)
  A redback simulacrum (D:15)
  2 steam dragons (D:14)
  2 wargs
  A warg (shapeshifter) (Depths:5)
  9 soldier ants (Spider:4)
  An acid dragon (Vaults:1)
  6 swamp worms
  A spiny frog zombie (Crypt:2)
  A floating eye (Depths:3)
  6 water moccasins
  5 porcupines
  4 swamp drakes
  3 black bears
  2 ice beasts
  16 orc warriors
  3 sky beasts
  A dream sheep zombie (Crypt:2)
  3 eyes of draining (Abyss:3)
  18 wolves
  15 ogres
  A phantom (D:8)
  8 boggarts
  3 centaurs
  4 crocodiles
  A rime drake zombie (Crypt:2)
  10 big kobolds
  15 bullfrogs
  A water moccasin zombie (D:8)
  A water moccasin skeleton (D:5)
  4 scorpions
  15 killer bees
  7 wights
  5 howler monkeys
  An electric eel (Spider:1)
  2 crimson imps
  17 starcursed masses
  3 bullfrog zombies
  2 centaur zombies
  A quasit (Abyss:2)
  A human simulacrum (Vaults:1)
  3 hounds
  8 orc priests
  3 bullfrog skeletons
  3 iron imps
  Jessica (D:3)
  2 centaur skeletons
  22 worker ants
  2 hell rats (Lair:6)
  4 iguanas
  17 orc wizards
  A hound zombie (D:5)
  2 hound skeletons
  3 worker ant zombies
  3 gnolls (D:3)
  10 adders
  A shadow imp (D:10)
  2 white imps (Abyss:3)
  2 oozes (D:2)
  A worm zombie (Crypt:1)
  An adder skeleton (D:7)
  2 adder zombies (D:8)
  A worm (D:3)
  2 leopard geckos (D:8)
  70 orcs
  5 bats
  6 giant cockroaches
  13 goblins
  8 hobgoblins
  11 jackals
  25 kobolds
  3 quokkas
  6 frilled lizards
  A frilled lizard zombie (Crypt:2)
  2 giant cockroach zombies
  A hobgoblin skeleton (Crypt:1)
  A quokka zombie (D:6)
  4 rats
  3 crawling corpses
  4 fungi
  A lurking horror (Abyss:3)
  A starspawn tentacle (Abyss:4)
1275 creatures vanquished.

Vanquished Creatures (collateral kills)
  Mara (Swamp:3)
  Saint Roka (Elf:2)
  Bai Suzhen (Depths:3)
  The ghost of Tovarisch the Impregnable, a veteran DDFi of Makhleb (Depths:5)
  Jory (Vaults:3)
  4 golden dragons
  A bone dragon (Elf:3)
  Nikola (Swamp:2)
  4 tentacled monstrosities
  3 deep elf master archers
  4 liches
  2 deep elf blademasters
  2 titans
  2 quicksilver dragons
  5 sphinxes
  A thorn hunter (Swamp:4)
  6 storm dragons
  2 tengu reavers
  A shadow dragon (Vaults:5)
  3 deep elf sorcerers
  4 frost giants
  A draconian monk (Zot:1)
  7 fire giants
  9 vault wardens
  4 emperor scorpions
  3 ghost moths
  A draconian scorcher (Zot:1)
  A curse skull (Crypt:2)
  5 deep elf elementalists
  2 ironheart preservers (Vaults:2)
  The ghost of grindst0ne the Fighter, a journeyman OgHu of the Shining One (Lair:6)
  A draconian annihilator (Zot:1)
  A ghoul (Crypt:2)
  15 stone giants
  2 caustic shrike skeletons (Depths:5)
  2 vampire knights
  14 very ugly things
  A green draconian (Zot:1)
  4 deep elf demonologists
  2 red draconians (Zot:1)
  2 white draconians (Zot:1)
  2 entropy weavers
  A dire elephant (shapeshifter) (Vaults:2)
  4 black draconians (Zot:1)
  2 deep elf annihilators
  2 eidola
  3 deep elf death magi (Elf:3)
  8 fire dragons
  2 jiangshi (Crypt:1)
  12 ettins
  6 yaktaur captains
  4 great orbs of eyes
  9 ogre magi
  4 deep elf high priests (Elf:3)
  3 starcursed masses
  Harold (D:11)
  14 hydras
  2 rakshasas
  7 ice dragons
  A spriggan air mage (Depths:3)
  A merfolk avatar (Lair:6)
  An anaconda (shapeshifter) (Depths:4)
  15 vault guards
  21 two-headed ogres
  4 centaur warriors
  A death knight (Vaults:2)
  2 catoblepae
  4 alligators
  12 deep troll shamans
  2 tengu warriors (Depths:4)
  3 death yaks
  3 orc high priests (Orc:2)
  3 vampire magi
  14 dancing weapons
  2 deep troll earth magi (Depths:4)
  A hell hog (Abyss:2)
  2 thrashing horrors
  5 hell knights
  13 spriggans
  5 spriggan berserkers
  A titan skeleton (Crypt:1)
  13 deep elf knights
  4 iron trolls
  A shadow wraith (Vaults:4)
  3 wretched stars (Abyss:3)
  A glowing orange brain (shapeshifter) (Depths:5)
  An entropy weaver zombie (Crypt:1)
  A shadow demon (Depths:3)
  7 skeletal warriors
  A sea snake (Lair:6)
  An unseen horror (Vaults:1)
  A sixfirhy (Abyss:3)
  3 glowing orange brains
  3 flayed ghosts
  10 swamp dragons
  5 ironbrand convokers
  4 spriggan druids
  16 deep trolls
  12 deep elf archers
  3 shambling mangroves
  5 harpies
  6 large abominations
  9 phantasmal warriors
  4 necromancers
  A harpy (shapeshifter) (Depths:4)
  A golden dragon skeleton (Depths:1)
  10 orc knights
  10 orb spiders
  24 deep elf magi
  2 fire giant zombies (Vaults:3)
  A frost giant zombie (Crypt:1)
  6 orc sorcerers
  10 ugly things
  21 wolf spiders
  A worldbinder (Abyss:3)
  2 salamanders (Depths:1)
  4 elephants
  2 oklob plants (Lair:4)
  A salamander (shapeshifter) (Vaults:1)
  3 cyclopes
  A black mamba (shapeshifter) (Vaults:3)
  2 manticores
  2 moths of wrath (Zot:1)
  A moth of wrath (shapeshifter) (Depths:5)
  12 vault sentinels
  2 smoke demons (Abyss:3)
  An apocalypse crab (Abyss:3)
  2 black mambas (Lair:6)
  An orange demon (Abyss:3)
  A gargoyle (D:12)
  A spiny frog (shapeshifter) (Vaults:1)
  7 spiny frogs
  2 torpor snails
  4 komodo dragons
  A human zombie (Vaults:3)
  4 freezing wraiths
  35 yaktaurs
  A komodo dragon (shapeshifter) (Depths:1)
  2 rime drakes (Lair:6)
  9 demonic crawlers
  3 tengu conjurers
  A queen bee (shapeshifter) (Vaults:1)
  3 ancient zymes (Abyss:3)
  A death yak skeleton (Crypt:1)
  A silent spectre (Abyss:3)
  5 trolls
  20 jumping spiders
  A tyrant leech (Swamp:1)
  28 hornets
  A jumping spider (shapeshifter) (Vaults:2)
  A polar bear (shapeshifter) (Vaults:5)
  3 polar bears (Lair:6)
  2 wind drakes (Lair:6)
  8 raiju
  4 bog bodies
  7 blink frogs
  3 hippogriffs
  5 dream sheep (Lair:5)
  A fire giant simulacrum (Vaults:3)
  21 slime creatures
  A dream sheep (shapeshifter) (Vaults:4)
  A satyr zombie (Crypt:2)
  2 fire dragon zombies (Crypt:1)
  2 air elementals
  A ynoxinul (Abyss:3)
  A wyvern (Lair:6)
  38 redbacks
  A shadow (Swamp:1)
  18 tarantellas
  A centaur simulacrum (D:15)
  A vampire (Vaults:3)
  A flying skull (Crypt:3)
  3 water elementals (Depths:1)
  A fire dragon skeleton (Abyss:2)
  6 wraiths
  2 fire elementals (Orc:2)
  A spriggan skeleton (Depths:1)
  6 hogs (Lair:6)
  3 fire bats
  A human (D:13)
  22 yaks
  3 chaos spawn
  4 neqoxecs (Abyss:3)
  A hungry ghost (D:11)
  13 vampire mosquitoes
  A spatial vortex (Abyss:2)
  3 insubstantial wisps (Swamp:1)
  5 wargs
  12 soldier ants (Spider:4)
  11 swamp worms
  A floating eye (Abyss:3)
  7 water moccasins
  A torturous demonspawn skeleton (Crypt:2)
  A human skeleton (Depths:1)
  3 porcupines
  A floating eye (shapeshifter) (Vaults:4)
  4 hell hounds
  11 swamp drakes
  A manticore zombie (Crypt:1)
  18 orc warriors
  13 ogres
  8 centaurs
  10 wolves (Lair:2)
  5 crocodiles
  4 small abominations
  A salamander zombie (Crypt:1)
  A cyclops zombie (Crypt:1)
  A yak zombie (Crypt:2)
  4 wights
  A crimson imp (D:11)
  2 quasits (Abyss:3)
  5 orc priests (Orc:2)
  4 hell rats (Lair:6)
  7 orc wizards
  9 worker ants (Spider:4)
  A naga zombie (Crypt:2)
  A swamp drake zombie (Crypt:2)
  An ufetubus (Abyss:3)
  17 orcs
  8 kobolds
  A briar patch (Swamp:4)
  3 bushes
  2 crawling corpses
  22 fungi
  23 plants
1121 creatures vanquished.

Vanquished Creatures (others)
  A profane servitor (Zot:1)
  6 bone dragons
  Asterion (Spider:3)
  A lich (Depths:5)
  An emperor scorpion (Spider:4)
  A ghost moth (Zot:1)
  A vault warden (Vaults:1)
  An ironheart preserver (Vaults:5)
  8 ghouls
  An entropy weaver (Vaults:4)
  10 vampire knights
  A spark wasp (Depths:3)
  A dire elephant (Depths:2)
  6 very ugly thing zombies
  2 quicksilver dragon zombies
  A deep elf high priest (Vaults:5)
  A vault guard (Vaults:1)
  2 ogre magi (Vaults:1)
  A hydra (Swamp:4)
  A two-headed ogre (Vaults:2)
  2 deep troll shamans
  2 alligators
  A storm dragon zombie (Vaults:5)
  2 spriggan berserkers
  11 skeletal warriors
  A ghost moth zombie (Zot:1)
  2 entropy weaver zombies
  2 deep elf archers (Elf:2)
  12 flayed ghosts
  An ironbrand convoker (Vaults:1)
  2 deep trolls (Depths:4)
  12 phantasmal warriors
  6 sphinx zombies
  An orc knight (Vaults:1)
  3 frost giant zombies
  3 ugly things
  10 wolf spider zombies
  6 ugly thing zombies
  4 wolf spiders
  A draconian zombie (Zot:1)
  2 deep elf magi
  4 slime creatures
  4 stone giant zombies
  A minotaur zombie (Spider:3)
  5 fire giant zombies
  A vault sentinel (Vaults:2)
  An elf skeleton (Elf:3)
  A large abomination (Abyss:3)
  A white draconian zombie (Zot:1)
  3 red draconian zombies (Zot:1)
  7 redback zombies
  2 demonic crawlers
  A freezing wraith (Vaults:2)
  5 yaktaurs
  A sea snake zombie (Lair:6)
  An iron troll zombie (Depths:1)
  A black draconian skeleton (Zot:1)
  3 harpy zombies
  2 moth of wrath zombies
  2 demonic crawler zombies
  2 ghoul skeletons
  2 hydra zombies
  A hornet (Spider:4)
  7 ettin zombies
  3 ice dragon zombies
  A black mamba zombie (Lair:6)
  An alligator zombie (Swamp:1)
  7 jumping spider zombies (Spider:4)
  4 tarantella zombies
  10 elf zombies
  8 flying skulls
  A wraith (D:13)
  3 redbacks
  2 tarantellas
  7 vampires
  A fire elemental (Elf:1)
  3 vampire mosquitoes
  15 deep troll zombies
  3 two-headed ogre zombies
  A soldier ant (shapeshifter) (Depths:3)
  5 spiny frog zombies (Lair:6)
  A dream sheep zombie (Lair:5)
  A swamp dragon zombie (Swamp:4)
  7 hornet zombies
  An orc warrior (Elf:2)
  4 blink frog zombies
  3 ogres
  A boggart (Vaults:2)
  7 vampire mosquito zombies
  A hippogriff zombie (Lair:1)
  2 komodo dragon zombies (Lair:6)
  An apocalypse crab zombie (Abyss:3)
  19 human zombies
  10 yaktaur zombies
  2 salamander zombies
  A hell hound zombie (Orc:2)
  A wyvern zombie (D:15)
  6 water moccasin zombies
  A warg zombie (Vaults:3)
  A troll zombie (Vaults:1)
  6 yak zombies
  7 raiju zombies
  2 spriggan zombies
  5 wights
  6 wolf zombies
  2 wolf skeletons (Lair:2)
  A soldier ant zombie (Spider:4)
  8 centaur zombies
  A bog body skeleton (Crypt:2)
  2 human skeletons (Swamp:3)
  A porcupine zombie (Lair:1)
  2 orc wizards
  2 big kobold zombies
  A crocodile zombie (Lair:6)
  A sky beast zombie (D:10)
  9 ogre zombies
  A crocodile skeleton (Lair:6)
  2 worker ant zombies (Spider:4)
  A steam dragon zombie (D:14)
  2 swamp drake zombies
  A ball lightning (Zot:1)
  5 kobold zombies
  23 orc zombies
  2 briar patches (Swamp:4)
  A bush (Depths:2)
  34 fungi
  53 plants
  14 starspawn tentacles
  9 toadstools (D:5)
541 creatures vanquished.

Grand Total: 2937 creatures vanquished

Notes
Turn   | Place    | Note
-------+----------+-------------------------------------------
     0 | D:1      | KristoblXynda the Naga Fighter began the quest for the Orb.
     0 | D:1      | Reached XP level 1. HP: 21/21 MP: 1/1
   265 | D:1      | Reached skill level 1 in Stealth
   376 | D:1      | Reached XP level 2. HP: 27/28 MP: 2/2
   823 | D:1      | Reached XP level 3. HP: 25/34 MP: 3/3
  1436 | D:2      | Reached XP level 4. HP: 42/42 MP: 4/4
  1555 | D:2      | Found a faded altar of an unknown god.
  1771 | D:2      | Reached XP level 5. HP: 41/49 MP: 5/5
  2344 | D:3      | Found a bloodstained altar of Trog.
  2355 | D:3      | Noticed Jessica
  2366 | D:3      | Killed Jessica
  3597 | D:4      | Reached skill level 5 in Stealth
  3597 | D:4      | Reached XP level 6. HP: 54/56 MP: 6/6
  3815 | D:4      | Got a polished leather armour
  3826 | D:4      | Identified the +1 leather armour of Gallantry {SInv} (You found it on level 4 of the Dungeon)
  4142 | D:5      | Entered Level 5 of the Dungeon
  4215 | D:5      | Found a basalt altar of Yredelemnul.
  4220 | D:5      | Became a worshipper of Yredelemnul the Dark
  4259 | D:5      | Found a glowing silver altar of Zin.
  4408 | D:5      | Reached skill level 1 in Invocations
  4408 | D:5      | Reached skill level 1 in Evocations
  4413 | D:5      | Reached XP level 7. HP: 55/62 MP: 7/7
  4905 | D:5      | Reached XP level 8. HP: 64/69 MP: 9/9
  4909 | D:5      | Noticed a slime creature
  4910 | D:5      | Noticed a slime creature
  5018 | D:5      | Found a snail-covered altar of Cheibriados.
  5354 | D:6      | Reached skill level 5 in Axes
  5423 | D:6      | Reached * piety under Yredelemnul
  5816 | D:6      | Noticed Grinder
  5821 | D:6      | Paralysed by Grinder for 4 turns
  5827 | D:6      | Killed Grinder
  6004 | D:6      | Reached skill level 5 in Armour
  6303 | D:6      | Found a bloodstained altar of Trog.
  6635 | D:7      | Reached XP level 9. HP: 75/75 MP: 12/12
  6859 | D:7      | Noticed a hornet
  6869 | D:7      | Killed a hornet
  7475 | D:7      | Found a staircase to the Ecumenical Temple.
  7563 | Temple   | Entered the Ecumenical Temple
  7701 | D:8      | Reached skill level 5 in Invocations
  7768 | D:8      | Gained mutation: You are somewhat resistant to further mutation. [potion of mutation]
  7768 | D:8      | Gained mutation: You expend magic power (3 MP) to strengthen your wands. [potion of mutation]
  7768 | D:8      | Gained mutation: Your movements are slightly less encumbered by armour. (ER -2) [potion of mutation]
  7769 | D:8      | Lost mutation: You are somewhat resistant to further mutation. [potion of mutation]
  7769 | D:8      | Lost mutation: Your movements are slightly less encumbered by armour. (ER -2) [potion of mutation]
  7769 | D:8      | Gained mutation: Your tail ends in a poisonous barb. [potion of mutation]
  7769 | D:8      | Gained mutation: You occasionally shout uncontrollably at your foes. [potion of mutation]
  7769 | D:8      | Gained mutation: Your movements are slightly less encumbered by armour. (ER -2) [potion of mutation]
  7769 | D:8      | Gained mutation: You have a somewhat thin skeletal structure. (Dex +2, Stealth) [potion of mutation]
  7865 | D:8      | Reached skill level 5 in Evocations
  8164 | D:8      | Found a glowing silver altar of Zin.
  8165 | D:8      | Noticed an angel
  8233 | D:8      | Reached skill level 10 in Stealth
  8249 | D:8      | Reached XP level 10. HP: 84/84 MP: 14/14
  8267 | D:8      | Noticed a two-headed ogre
  8289 | D:8      | Killed a two-headed ogre
  8289 | D:8      | Reached skill level 1 in Dodging
  8331 | D:8      | Reached ** piety under Yredelemnul
  8465 | D:8      | Found an ornate altar of the Wu Jian Council.
  8484 | D:8      | Found a deep blue altar of Sif Muna.
  8485 | D:8      | Found a sparkling altar of Nemelex Xobeh.
  8528 | D:8      | Found an ancient bone altar of Kikubaaqudgha.
  8814 | D:8      | Found a glowing golden altar of the Shining One.
  9022 | D:9      | Noticed a two-headed ogre
  9037 | D:9      | Killed a two-headed ogre
  9162 | D:9      | Noticed a two-headed ogre
  9169 | D:9      | Killed a two-headed ogre
  9457 | D:9      | Reached XP level 11. HP: 75/90 MP: 16/16
  9474 | D:9      | Found a staircase to the Orcish Mines.
  9487 | D:9      | Reached *** piety under Yredelemnul
  9856 | D:10     | Entered Level 10 of the Dungeon
 10937 | D:11     | Noticed a six-headed hydra
 10948 | D:11     | Killed a six-headed hydra
 11012 | D:11     | Noticed a tengu warrior
 11059 | D:11     | Found a staircase to the Lair.
 11092 | D:11     | Received a gift from Yredelemnul (4 flying skulls)
 11204 | D:11     | Noticed a red ugly thing
 11225 | D:11     | Killed a red ugly thing
 11225 | D:11     | Reached skill level 5 in Shields
 11363 | D:11     | Lost mutation: Your movements are slightly less encumbered by armour. (ER -2) [potion of mutation]
 11363 | D:11     | Lost mutation: You occasionally shout uncontrollably at your foes. [potion of mutation]
 11363 | D:11     | Gained mutation: You can exhale a cloud of poison. [potion of mutation]
 11363 | D:11     | Gained mutation: You have a pair of small antennae on your head. [potion of mutation]
 11363 | D:11     | Lost mutation: You have a pair of small antennae on your head. [potion of mutation]
 11363 | D:11     | Gained mutation: You evolve. [potion of mutation]
 11388 | D:11     | Reached **** piety under Yredelemnul
 11474 | D:11     | Found a portal to a secret trove of treasure.
 11611 | D:11     | Gained mutation: Your spells are a little harder to cast, but a little more powerful. [evolution]
 11675 | D:11     | Killed a tengu warrior
 11712 | D:11     | Noticed a two-headed ogre
 11715 | D:11     | Killed a two-headed ogre
 11732 | D:11     | Reached XP level 12. HP: 32/97 MP: 18/18
 12145 | D:11     | Noticed a two-headed ogre
 12156 | D:11     | Killed a two-headed ogre
 12156 | D:11     | Reached skill level 5 in Dodging
 12156 | D:11     | Received a gift from Yredelemnul (a wight)
 12194 | D:11     | Noticed Maurice
 12210 | D:11     | Killed Maurice
 12360 | D:11     | Noticed Harold
 12385 | D:11     | Killed Harold
 12983 | D:12     | Noticed a tengu warrior
 12991 | D:12     | Killed a tengu warrior
 13896 | D:13     | Noticed a vault guard
 14172 | D:13     | Received a gift from Yredelemnul (a wight)
 14412 | D:13     | Reached skill level 10 in Axes
 14658 | D:13     | Noticed a vault guard
 14668 | D:13     | Noticed an ogre mage
 14670 | D:13     | Noticed a vault guard
 14676 | D:13     | Killed an ogre mage
 14676 | D:13     | Gained mutation: You can use your snake-like lower body to constrict enemies. [Naga growth]
 14676 | D:13     | Reached XP level 13. HP: 70/108 MP: 14/20
 14677 | D:13     | Received a gift from Yredelemnul (a wraith)
 14681 | D:13     | Killed a vault guard
 14681 | D:13     | Reached skill level 10 in Invocations
 14712 | D:13     | Killed a vault guard
 14745 | D:13     | Killed a vault guard
 14790 | D:13     | Found a gate to the Vaults.
 14790 | D:13     | Noticed a vault guard
 14797 | D:13     | Reached skill level 5 in Fighting
 14801 | D:13     | Killed a vault guard
 15264 | D:14     | Reached skill level 1 in Spellcasting
 15510 | D:14     | Received a gift from Yredelemnul (a wight)
 15739 | D:14     | Learned a level 3 spell: Regeneration
 16051 | D:14     | Gained mutation: Your tail ends in a sharp poisonous barb. [evolution]
 16130 | D:14     | Reached skill level 2 in Spellcasting
 16267 | D:15     | Entered Level 15 of the Dungeon
 16532 | D:15     | Received a gift from Yredelemnul (a wight)
 16863 | D:15     | Reached skill level 3 in Spellcasting
 16872 | D:15     | Reached ***** piety under Yredelemnul
 16946 | D:15     | Noticed a fire dragon
 16946 | D:15     | Noticed an ice dragon
 16957 | D:15     | Killed a fire dragon
 16963 | D:15     | Killed an ice dragon
 16966 | D:15     | Found a staircase to the Depths.
 17173 | Lair:1   | Entered Level 1 of the Lair of Beasts
 17266 | Lair:1   | Reached XP level 14. HP: 48/117 MP: 21/21
 18456 | Lair:2   | Received a gift from Yredelemnul (a vampire)
 18574 | Lair:2   | Found a hole to the Spider Nest.
 18698 | Lair:2   | Found a basalt altar of Yredelemnul.
 18803 | Lair:2   | Found a staircase to the Swamp.
 18849 | Lair:2   | Reached skill level 10 in Armour
 19802 | Lair:3   | Received a gift from Yredelemnul (a wight)
 20962 | Lair:4   | Found a runed door.
 20990 | Lair:4   | Received a gift from Yredelemnul (a skeletal warrior)
 21480 | Lair:5   | Found a viscous altar of Jiyva.
 21480 | Lair:5   | Found a staircase to the Slime Pits.
 21511 | Lair:5   | Lost mutation: You can exhale a cloud of poison. [evolution]
 22502 | Lair:1   | Learned a level 3 spell: Spectral Weapon
 22563 | Orc:1    | Entered Level 1 of the Orcish Mines
 22563 | Orc:1    | Noticed a stone giant
 22576 | Orc:1    | Killed a stone giant
 22576 | Orc:1    | Reached skill level 4 in Spellcasting
 22706 | Orc:1    | Found a roughly hewn altar of Beogh.
 22817 | Orc:1    | Reached XP level 15. HP: 78/123 MP: 22/22
 22819 | Orc:1    | Reached skill level 10 in Evocations
 23069 | Orc:2    | Entered Level 2 of the Orcish Mines
 23106 | Orc:2    | Noticed Azrael
 23123 | Orc:2    | Killed Azrael
 23335 | Orc:2    | Noticed Rupert
 23337 | Orc:2    | Reached ****** piety under Yredelemnul
 23338 | Orc:2    | Received a gift from Yredelemnul (a phantasmal warrior)
 23343 | Orc:2    | Killed Rupert
 23343 | Orc:2    | Reached skill level 1 in Charms
 23422 | Orc:2    | Found a roughly hewn altar of Beogh.
 23620 | Orc:2    | Received a gift from Yredelemnul (4 flying skulls)
 23802 | Orc:2    | Found a staircase to the Elven Halls.
 24000 | Orc:2    | Reached skill level 5 in Spellcasting
 24000 | Orc:2    | Received a gift from Yredelemnul (a phantasmal warrior)
 24112 | Orc:2    | Found Safur's Book Emporium.
 24145 | Orc:2    | Received a gift from Yredelemnul (a vampire knight)
 24164 | Orc:2    | Found Daneacvaenku's Assorted Antiques.
 24171 | Orc:2    | Found Firech's General Store.
 24173 | Orc:2    | Bought a pair of runed gloves for 247 gold pieces
 24186 | Orc:2    | Found Ujafax's Assorted Antiques.
 24196 | Orc:2    | Bought a +0 hand axe of flaming for 103 gold pieces
 24196 | Orc:2    | Bought the ring of Robustness {AC+8} for 1792 gold pieces
 24196 | Orc:2    | Found the ring of Robustness {AC+8}
 24207 | Orc:2    | Bought a short gold wand for 132 gold pieces
 24207 | Orc:2    | Bought a potion of heal wounds for 165 gold pieces
 24303 | Elf:1    | Entered Level 1 of the Elven Halls
 24603 | Lair:6   | Entered Level 6 of the Lair of Beasts
 24820 | Lair:6   | Received a gift from Yredelemnul (a skeletal warrior)
 24894 | Lair:6   | Received a gift from Yredelemnul (a phantasmal warrior)
 24990 | Lair:6   | Noticed grindst0ne's ghost (journeyman OgHu)
 24992 | Lair:6   | Reached skill level 6 in Spellcasting
 24996 | Lair:6   | Received a gift from Yredelemnul (a phantasmal warrior)
 25021 | Lair:6   | Killed grindst0ne's ghost
 25103 | Lair:6   | Noticed Kirke
 25106 | Lair:6   | Noticed a sphinx
 25116 | Lair:6   | Killed Kirke
 25658 | Depths:1 | Entered Level 1 of the Depths
 25701 | D:15     | Reached skill level 5 in Charms
 25882 | Spider:1 | Entered Level 1 of the Spider Nest
 26352 | Spider:1 | Received a gift from Yredelemnul (a flayed ghost)
 26485 | Spider:1 | Gained mutation: You possess an exceptional clarity of mind. [evolution]
 26694 | Spider:2 | Reached skill level 7 in Spellcasting
 26694 | Spider:2 | Reached XP level 16. HP: 83/130 MP: 24/26
 26711 | Spider:2 | Received a gift from Yredelemnul (a bone dragon)
 26711 | Spider:2 | Received a gift from Yredelemnul (a skeletal warrior)
 26967 | Spider:2 | Received a gift from Yredelemnul (a phantasmal warrior)
 26982 | Spider:2 | Received a gift from Yredelemnul (a bone dragon)
 27783 | Spider:3 | Received a gift from Yredelemnul (a skeletal warrior)
 27864 | Spider:3 | Noticed Asterion
 27873 | Spider:3 | Killed Asterion
 28024 | Spider:3 | Reached skill level 8 in Spellcasting
 28179 | Spider:3 | Got a faintly humming leather armour
 28180 | Spider:3 | Identified the +1 leather armour "Kobec" {rElec Dex+4} (You found it on level 3 of the Spider Nest)
 28356 | Spider:3 | Gained mutation: Your mind is acute. (Int +2) [evolution]
 28356 | Spider:3 | Lost mutation: You evolve. [end of evolution]
 28939 | Spider:4 | Entered Level 4 of the Spider Nest
 28957 | Spider:4 | Received a gift from Yredelemnul (a vampire)
 29086 | Spider:4 | Got an encrusted lajatang
 29088 | Spider:4 | Identified the +7 lajatang "Ocylodghi" {slice, rElec rF+} (You found it on level 4 of the Spider Nest)
 29115 | Spider:4 | Received a gift from Yredelemnul (a flayed ghost)
 29169 | Spider:4 | Got a gossamer rune of Zot
 29349 | Spider:4 | Reached XP level 17. HP: 114/138 MP: 1/29
 29412 | Spider:4 | Received a gift from Yredelemnul (a flayed ghost)
 29438 | Spider:4 | Received a gift from Yredelemnul (a flayed ghost)
 29453 | Spider:4 | Reached skill level 9 in Spellcasting
 29501 | Spider:4 | Got a twisted helmet
 29505 | Spider:4 | Identified the +1 helmet of the Oligarchy {rC++ rCorr Str+4 Int-2} (You found it on level 4 of the Spider Nest)
 29623 | Spider:4 | Received a gift from Yredelemnul (a skeletal warrior)
 29991 | Swamp:1  | Entered Level 1 of the Swamp
 30086 | Swamp:1  | Received a gift from Yredelemnul (a phantasmal warrior)
 30364 | Swamp:1  | Noticed mopl's ghost (adept FoEn)
 30373 | Swamp:1  | Killed mopl's ghost
 30396 | Swamp:1  | Received a gift from Yredelemnul (a flayed ghost)
 30826 | Swamp:2  | Received a gift from Yredelemnul (a profane servitor)
 31315 | Swamp:2  | Received a gift from Yredelemnul (a ghoul)
 31742 | Swamp:2  | Noticed Nikola
 31747 | Swamp:2  | Killed Nikola
 31930 | Swamp:3  | Received a gift from Yredelemnul (a flayed ghost)
 32007 | Swamp:3  | Noticed Mara
 32012 | Swamp:3  | Noticed KristoblXynda's illusion
 32022 | Swamp:3  | Noticed KristoblXynda's illusion
 32030 | Swamp:3  | Killed Mara
 32076 | Swamp:3  | Received a gift from Yredelemnul (a phantasmal warrior)
 32681 | Swamp:4  | Entered Level 4 of the Swamp
 32777 | Swamp:4  | Reached skill level 10 in Spellcasting
 32841 | Swamp:4  | Noticed Aizul
 32843 | Swamp:4  | Banished Aizul
 32894 | Swamp:4  | Received a gift from Yredelemnul (a ghoul)
 32982 | Swamp:4  | Got a decaying rune of Zot
 33013 | Swamp:4  | Reached skill level 15 in Axes
 33115 | Swamp:4  | Reached skill level 10 in Charms
 33197 | Swamp:1  | Received a gift from Yredelemnul (a bone dragon)
 33258 | Lair:1   | Lost mutation: Your tail ends in a sharp poisonous barb. [potion of mutation]
 33258 | Lair:1   | Lost mutation: You possess an exceptional clarity of mind. [potion of mutation]
 33258 | Lair:1   | Lost mutation: Your mind is acute. (Int +2) [potion of mutation]
 33258 | Lair:1   | Lost mutation: Your spells are a little harder to cast, but a little more powerful. [potion of mutation]
 33258 | Lair:1   | Gained mutation: You are partially covered in rugged brown scales. (AC +1, +3% HP) [potion of mutation]
 33258 | Lair:1   | Gained mutation: You are agile. (Dex +2) [potion of mutation]
 33391 | Depths:1 | Reached XP level 18. HP: 149/149 MP: 32/32
 33423 | Depths:1 | Paralysed by a great orb of eyes for 5 turns
 33638 | Depths:1 | Received a gift from Yredelemnul (a vampire knight)
 33692 | Depths:1 | Received a gift from Yredelemnul (a skeletal warrior)
 33712 | Depths:1 | Learned a level 6 spell: Freezing Cloud
 33884 | Depths:1 | Found a one-way gate to the infinite horrors of the Abyss.
 34325 | Depths:1 | Found a gateway to Hell.
 34655 | Vaults:1 | Entered Level 1 of the Vaults
 35169 | Vaults:1 | Reached skill level 11 in Spellcasting
 35185 | Vaults:1 | Received a gift from Yredelemnul (a vampire)
 36056 | Vaults:2 | Received a gift from Yredelemnul (a flayed ghost)
 36093 | Vaults:2 | Reached XP level 19. HP: 166/166 MP: 34/34
 36407 | Vaults:2 | Found a staircase to the Crypt.
 36786 | Vaults:2 | Received a gift from Yredelemnul (a ghoul)
 36794 | Vaults:2 | Reached skill level 1 in Throwing
 37326 | Vaults:3 | Noticed Jory
 37566 | Vaults:3 | Killed Jory
 37650 | Vaults:3 | Received a gift from Yredelemnul (a vampire)
 37727 | Vaults:3 | Reached skill level 12 in Spellcasting
 38603 | Vaults:3 | Received a gift from Yredelemnul (a skeletal warrior)
 38991 | Vaults:4 | Reached skill level 1 in Conjurations
 38991 | Vaults:4 | Reached skill level 1 in Air Magic
 39107 | Vaults:4 | Paralysed by a floating eye for 4 turns
 39197 | Vaults:4 | Received a gift from Yredelemnul (a ghoul)
 39411 | Vaults:4 | Received a gift from Yredelemnul (a vampire knight)
 39451 | Vaults:4 | Received a gift from Yredelemnul (a ghoul)
 40728 | Elf:1    | Reached XP level 20. HP: 176/176 MP: 32/36
 40784 | Elf:1    | Identified Buegug's Almanac of Companions
 41152 | Elf:1    | Received a gift from Yredelemnul (a vampire)
 41449 | Elf:2    | Reached skill level 5 in Throwing
 41589 | Elf:2    | Found a bloodstained altar of Trog.
 41829 | Elf:2    | Found a runed gate.
 41831 | Elf:2    | Found a runed gate.
 41834 | Elf:2    | Found a runed gate.
 42138 | Elf:2    | Noticed Donald
 42145 | Elf:2    | Banished Donald
 42152 | Elf:2    | Received a gift from Yredelemnul (a vampire knight)
 42185 | Elf:2    | Received a gift from Yredelemnul (a skeletal warrior)
 42326 | Elf:2    | Noticed Saint Roka
 42341 | Elf:2    | Killed Saint Roka
 42341 | Elf:2    | Reached skill level 5 in Conjurations
 42341 | Elf:2    | Reached skill level 5 in Air Magic
 42681 | Elf:3    | Entered Level 3 of the Elven Halls
 42849 | Elf:3    | Killed a profane servitor
 42849 | Elf:3    | Reached skill level 13 in Spellcasting
 43091 | Elf:3    | Found Sukk's Assorted Antiques.
 43097 | Elf:3    | Bought a notched glass ring for 95 gold pieces
 43184 | Elf:3    | Received a gift from Yredelemnul (a flayed ghost)
 43190 | Elf:3    | Cast into level 3 of the Abyss (a deep elf demonologist)
 43252 | Elf:3    | Escaped the Abyss
 43253 | Elf:3    | Killed a bone dragon
 43312 | Elf:3    | Noticed a Brimstone Fiend
 43447 | Elf:3    | Identified the Almanac of the Traveller
 43511 | Elf:3    | Identified the Tome of the Mountains and Combat Magic
 43855 | Elf:3    | Reached XP level 21. HP: 170/182 MP: 38/38
 44898 | Depths:1 | Received a gift from Yredelemnul (a ghoul)
 45223 | Depths:2 | Received a gift from Yredelemnul (a vampire)
 45314 | Depths:2 | Found a gateway to a ziggurat.
 45373 | Depths:2 | Found Pyahos's Jewellery Emporium.
 45373 | Depths:2 | Found Omnixzoik's Gadget Shop.
 45374 | Depths:2 | Found Lyirown's Gadget Shop.
 45382 | Depths:2 | Bought the ring of the Mutiny {+Blink MR+ MP+9 Int+4 Dex+2} for 1148 gold pieces
 45382 | Depths:2 | Bought a cursed ring of ice for 484 gold pieces
 45382 | Depths:2 | Bought an uncursed ring of fire for 550 gold pieces
 45543 | Depths:2 | Received a gift from Yredelemnul (a skeletal warrior)
 45627 | Depths:2 | Found a one-way gate leading to the halls of Pandemonium.
 45786 | Depths:2 | Received a gift from Yredelemnul (a ghoul)
 46318 | Depths:3 | Identified a scroll of acquirement
 46319 | Depths:3 | Received a gift from Yredelemnul (a ghoul)
 46421 | Depths:3 | Received a gift from Yredelemnul (a bone dragon)
 46486 | Depths:3 | Received a gift from Yredelemnul (a vampire knight)
 46664 | Depths:3 | Noticed a juggernaut
 46674 | Depths:3 | Killed a juggernaut
 46695 | Depths:3 | Noticed a golden dragon
 46701 | Depths:3 | Killed a golden dragon
 46703 | Depths:3 | Reached skill level 15 in Armour
 47366 | Depths:4 | Received a gift from Yredelemnul (a bone dragon)
 47608 | Depths:4 | Noticed a golden dragon
 47609 | Depths:4 | Noticed a juggernaut
 47620 | Depths:4 | Received a gift from Yredelemnul (a flayed ghost)
 47625 | Depths:4 | Reached skill level 14 in Spellcasting
 47632 | Depths:4 | Killed a golden dragon
 47632 | Depths:4 | Reached XP level 22. HP: 63/191 MP: 40/40
 47633 | Depths:4 | Received a gift from Yredelemnul (a bone dragon)
 47659 | Depths:4 | Killed a juggernaut
 47935 | Depths:4 | Received a gift from Yredelemnul (a vampire knight)
 47990 | Depths:4 | Noticed a golden dragon
 48009 | Depths:4 | Killed a golden dragon
 48201 | Depths:4 | Noticed a golden dragon
 48219 | Depths:4 | Killed a golden dragon
 48232 | Depths:4 | Received a gift from Yredelemnul (a vampire knight)
 49092 | Depths:3 | Noticed Bai Suzhen
 49093 | Depths:3 | Upgraded the game from 0.22-a0-32-ga749362 to 0.22-a0-40-g3d2f077
 49099 | Depths:3 | Killed Bai Suzhen
 49127 | Depths:3 | Reached skill level 10 in Conjurations
 49511 | Depths:5 | Entered Level 5 of the Depths
 49572 | Depths:5 | Noticed Tovarisch's ghost (veteran DDFi)
 49612 | Depths:5 | Killed Tovarisch's ghost
 49651 | Depths:5 | Noticed Boris
 49667 | Depths:5 | Killed Boris
 49667 | Depths:5 | Received a gift from Yredelemnul (a vampire knight)
 49821 | Depths:5 | Found a gate to the Realm of Zot.
 49861 | Depths:5 | Reached XP level 23. HP: 136/198 MP: 41/41
 49928 | Depths:5 | Reached skill level 15 in Spellcasting
 50720 | Depths:5 | Noticed an ancient lich
 50728 | Depths:5 | Received a gift from Yredelemnul (a flayed ghost)
 51360 | Depths:5 | Killed an ancient lich
 51410 | Depths:5 | Received a gift from Yredelemnul (a phantasmal warrior)
 51695 | Depths:5 | Noticed a golden dragon
 51704 | Depths:5 | Killed a golden dragon
 51766 | Depths:5 | Got an ancient copper ring
 51770 | Depths:5 | Identified the ring "Obeun" {rElec Slay+2} (You found it on level 5 of the Depths)
 51776 | Depths:5 | Identified the Handbook of Lethal Darkness
 52149 | Lair:1   | Learned a level 8 spell: Necromutation
 52155 | Lair:1   | Learned a level 5 spell: Dispel Undead
 52393 | Vaults:5 | Entered Level 5 of the Vaults
 52404 | Vaults:4 | Received a gift from Yredelemnul (a flayed ghost)
 52533 | Vaults:5 | Received a gift from Yredelemnul (a flayed ghost)
 52556 | Vaults:5 | Noticed a golden dragon
 52565 | Vaults:5 | Reached XP level 24. HP: 97/206 MP: 42/42
 52594 | Vaults:5 | Received a gift from Yredelemnul (a skeletal warrior)
 52729 | Vaults:5 | Reached skill level 16 in Spellcasting
 53159 | Vaults:5 | Got an ichor-stained crystal plate armour
 53161 | Vaults:5 | Identified the +2 crystal plate armour "Jaramyrph" {rC++} (You acquired it on level 5 of the Vaults)
 53184 | Vaults:5 | Received a gift from Yredelemnul (a vampire knight)
 53206 | Vaults:5 | Got a smoking turquoise ring
 53345 | Vaults:5 | Received a gift from Yredelemnul (a phantasmal warrior)
 53536 | Vaults:5 | Received a gift from Yredelemnul (a bone dragon)
 53944 | Vaults:5 | Got a pitted chain mail
 53945 | Vaults:5 | Identified the cursed +0 chain mail of Hoikoemm {MR+} (You found it on level 5 of the Vaults)
 53946 | Vaults:5 | Identified the ring "Foggun" {+Inv rC+ rN+ MR+ Dex+2} (You took it off a deep elf annihilator on level 5 of the Vaults)
 54141 | Vaults:5 | Got a silver rune of Zot
 54288 | Vaults:5 | Received a gift from Yredelemnul (a profane servitor)
 54806 | Crypt:1  | Entered Level 1 of the Crypt
 54817 | Crypt:1  | Reached skill level 15 in Invocations
 54912 | Crypt:1  | Received a gift from Yredelemnul (a skeletal warrior)
 55187 | Crypt:1  | Noticed Margery
 55188 | Crypt:1  | Reached skill level 1 in Necromancy
 55195 | Crypt:1  | Killed Margery
 55727 | Crypt:2  | Received a gift from Yredelemnul (a vampire)
 55792 | Crypt:2  | Got a heavily runed glass ring
 55799 | Crypt:2  | Identified the cursed ring of the Scarab {rN+ Str-3} (You found it on level 2 of the Crypt)
 55833 | Crypt:2  | Received a gift from Yredelemnul (a flayed ghost)
 56064 | Crypt:2  | Reached XP level 25. HP: 213/213 MP: 43/43
 56173 | Crypt:3  | Entered Level 3 of the Crypt
 56598 | Depths:1 | Voluntarily entered the Abyss.
 56768 | Abyss:2  | Received a gift from Yredelemnul (a phantasmal warrior)
 56926 | Depths:1 | Escaped the Abyss
 56988 | Depths:1 | Voluntarily entered the Abyss.
 56988 | Abyss:1  | Found a corrupted altar of Lugonu.
 57039 | Abyss:1  | Received a gift from Yredelemnul (a profane servitor)
 57154 | Abyss:3  | Paralysed by accursed screaming for 1 turns
 57198 | Abyss:3  | Received a gift from Yredelemnul (a skeletal warrior)
 57351 | Abyss:3  | Reached skill level 15 in Evocations
 57387 | Abyss:3  | Received a gift from Yredelemnul (a phantasmal warrior)
 57460 | Abyss:3  | Received a gift from Yredelemnul (a vampire knight)
 57596 | Abyss:3  | Reached skill level 17 in Spellcasting
 57596 | Abyss:3  | Received a gift from Yredelemnul (a profane servitor)
 57603 | Abyss:3  | Reached skill level 5 in Necromancy
 57628 | Abyss:3  | Paralysed by accursed screaming for 1 turns
 57649 | Abyss:3  | Received a gift from Yredelemnul (a vampire)
 57696 | Abyss:3  | Received a gift from Yredelemnul (a vampire knight)
 57715 | Abyss:3  | Got an abyssal rune of Zot
 57758 | Abyss:3  | Received a gift from Yredelemnul (a phantasmal warrior)
 57794 | Abyss:3  | Paralysed by accursed screaming for 2 turns
 57946 | Abyss:4  | Found a corrupted altar of Lugonu.
 58005 | Abyss:4  | Received a gift from Yredelemnul (a vampire knight)
 58045 | Depths:1 | Escaped the Abyss
 58176 | Depths:2 | Bought a wand of acid (6) for 320 gold pieces
 58176 | Depths:2 | Bought a box of beasts for 320 gold pieces
 58380 | Zot:1    | Entered Level 1 of the Realm of Zot
 58445 | Zot:1    | Received a gift from Yredelemnul (a vampire)
 58541 | Zot:1    | Noticed an orb of fire
 58559 | Zot:1    | Gained mutation: You are occasionally teleported next to monsters. [an orb of fire]
 58568 | Zot:1    | HP: 9/213 [red draconian scorcher/damnation (30)]
 58573 | Zot:1    | HP: 2/213 [red draconian scorcher/damnation (30)]
 58573 | Zot:1    | Killed from afar by a red draconian scorcher

Vault maps used:
D:1:      scummos_arrival_checkerplants, serial_bayou_pond_d
D:2:      first_ration, chequers_ecumenical_altar_simple
D:3:      minmay_misc_feat_encased, minmay_misc_feat_rugged, st_stairs_8,
          trog_three_pillars_becter, uniq_jessica
D:5:      cheibrodos_fertilizer, nicolae_overflow_crystal_walls,
          lemuel_doored_altar, basic_altar, serial_undead, serial_undead_a,
          serial_undead_c, serial_undead_b, serial_undead_c
D:6:      bloody_trog, uniq_grinder
D:7:      minmay_temple_entry_enclosed_plants
D:8:      cheibrodos_barr_body, kennysheep_mini_moat, overflow_temple_1_default,
          zin_angel, nicolae_tso_swordbearing_angel,
          gammafunk_temple_overflow_statue
D:9:      david_orc_2
D:11:     lair_entry_dummy, nicolae_trove_entry_path_of_doom, uniq_maurice,
          uniq_harold
D:12:     grunt_livestock
D:13:     grunt_vaults_entry_fortified, minmay_misc_feat_alley
D:14:     hangedman_abyss_or_decor_stabs
D:15:     grunt_enter_depths_hoard, minmay_misc_feat_secret_circle
Temple:   dshaligram_water_room_temple
Lair:1:   cheibrodos_lair_caveside_slide, grunt_forest_large_clearing_hut
Lair:2:   minmay_swamp_entry_swarm, nicolae_spider_entry_tight_spaces,
          basic_altar, grunt_forest_large_clearings
Lair:4:   minivault_11, pf_torpor_hydra, minmay_lair_oklob_chamber
Lair:5:   slime_altar_1
Lair:6:   gammafunk_lair_ancient_temple, uniq_kirke
Swamp:1:  evilmike_swamp_ruin_house_2, swamp_pool3
Swamp:2:  nicolae_swamp_triple_paths, uniq_nikola
Swamp:3:  evilmike_swamp_ruin_house_5, uniq_mara
Swamp:4:  swamp_basic_johnstein, swamp_pool1, uniq_aizul
Spider:1: spiders_nest_hornet_nest
Spider:3: uniq_asterion
Spider:4: grunt_spider_rune_parallel, minivault_29
Orc:1:    basic_altar
Orc:2:    st_orc_elflike, minmay_orc_temple_b, uniq_rupert, uniq_azrael
Elf:1:    eino_elf_arrival_sip, minmay_elf_demonology
Elf:2:    evilmike_spriggan_trog_shrine, uniq_saint_roka, uniq_donald
Elf:3:    minmay_elf_hall_not_hex, serial_shops, nicolae_shop_stone
Vaults:1: grunt_vaults_focal, nicolae_vaults_stairing_the_circle, v_rooms_6,
          v_misc_33, hangedman_vaults_stretched_pinwheel,
          vaults_room_guarded_vault, nicolae_vaults_little_squares_4,
          vaults_room_fours, v_alt_pattern_3, v_misc_30, v_misc_30,
          vaults_dpeg_diagonal, ontoclasm_vaults_gateway,
          nicolae_vaults_asterisk
Vaults:2: v_pattern_2, nicolae_vaults_rhombus_5, nicolae_vaults_minivaults,
          v_misc_29, v_alt_pattern_3, vaults_room_pools,
          minmay_crypt_entry_simple_corners, vaults_room_stairs_pillars
Vaults:3: ontoclasm_vaults_fault, v_misc_16, vaults_mumra_chevron_long,
          ontoclasm_vaults_eye, hangedman_vaults_stagger, vaults_dpeg_hooks,
          nicolae_vaults_specimen_jars, uniq_jory
Vaults:4: vaults_standard_mumra_lines, vaults_dpeg_encased_lava,
          vaults_mumra_minichess_inversion, hangedman_vaults_slice,
          nicolae_vaults_bisected_inception, v_misc_33, ontoclasm_vaults_idyll,
          hangedman_vaults_stretched_pinwheel, ontoclasm_vaults_pinch,
          nicolae_vaults_ring_of_whatevers, hangedman_vaults_nails
Vaults:5: serial_shops
Crypt:1:  grunt_megastairs_4, uniq_margery
Crypt:3:  grunt_crypt_end_deaths_head, uniq_khufu
Depths:1: serial_bayou_pond_a, hell_entry, abyss_entry, kennysheep_another_room,
          solitary_fountain, minmay_acid_items, serial_bayou_shore_b,
          serial_bayou_shore_b
Depths:2: hangedman_hanging_gardens, enter_ziggurat_f, nrook_pool_corridor,
          hangedman_tar_grid_catacomb, pan_entry, kennysheep_crisscross,
          minmay_shop_grove
Depths:3: minmay_nested_s, abyss_entry, grunt_hell_entry_dis_mu,
          rand_demon_pan_entry_7, uniq_bai_suzhen
Depths:4: grunt_deathspiral_small, hell_entry, abyss_entry, minivault_10
Depths:5: hangedman_pleasuredromes, pan_entry, hell_entry, abyss_entry,
          uniq_boris
Abyss:1:  evilmike_abyss_exit_16
Abyss:2:  minivault_19
Abyss:3:  gammafunk_abyss_exit_x_factor, hangedman_abyss_or_decor_passed,
          evilmike_abyss_exit_kraken, doesnt_abyss_rune_brain_food
Abyss:4:  evilmike_abyss_exit_10, evilmike_abyss_exit_3

Skill      XL: |  1  2  3  4  5  6  7  8  9 10 11 12 13 14 15 16 17 18 19 20 21 22 23 24 25 |
---------------+----------------------------------------------------------------------------+-----
Stealth        | 1 2 3 4 5 7 8 10 13 | 13.5
Armour         | 3 4 5 6 7 8 9 10 11 12 13 14 15 | 15.0
Axes           | 3 4 5 6 8 9 10 11 13 14 15 | 15.0
Invocations    | 1 2 4 5 7 8 9 10 12 13 15 | 15.0
Evocations     | 1 2 3 5 6 7 9 10 12 13 14 15 | 15.0
Dodging        | 3 4 5 6 8 |  8.6
Shields        | 4 5 6 7 9 |  9.1
Fighting       | 4 5 8 |  8.6
Spellcasting   | 3 4 7 8 10 11 12 13 14 15 16 17 | 17.2
Charms         | 5 8 10 11 12 | 12.2
Throwing       | 4 5 |  5.0
Conjurations   | 3 6 8 10 12 13 14 | 14.5
Air Magic      | 3 6 8 |  8.1
Necromancy     | 2 6 |  6.9

Action                   |  1- 3 |  4- 6 |  7- 9 | 10-12 | 13-15 | 16-18 | 19-21 | 22-24 | 25-27 || total
-------------------------+-------+-------+-------+-------+-------+-------+-------+-------+-------++-------
Melee: War axe           |    79 |   183 |   313 |   754 |   871 |   731 |   725 |   967 |       ||  4623
       Hand axe          |    63 |       |       |       |    10 |       |       |       |       ||    73
       Tailslap          |       |       |     7 |   114 |   210 |   149 |   213 |   304 |   151 ||  1148
       Constrict         |       |       |       |       |   200 |   179 |   151 |   140 |    59 ||   729
       Broad axe         |       |       |       |       |       |       |    18 |    90 |   462 ||   570
 Cast: Regeneration      |       |       |       |       |       |       |     4 |    42 |    15 ||    61
Invok: Animate Dead      |       |       |       |    13 |    72 |   106 |    85 |    70 |    14 ||   360
       Recall Undead Sla |       |       |       |       |       |     2 |     2 |     2 |       ||     6
       Injury Mirror     |       |       |       |       |       |       |     1 |     2 |       ||     3
       Stop Recall       |       |       |       |       |       |       |       |     1 |       ||     1
       Drain Life        |       |       |       |       |       |       |       |     1 |     3 ||     4
 Abil: Spit Poison       |     4 |    12 |    22 |    24 |     3 |     2 |       |       |       ||    67
       Breathe Poison Ga |       |       |       |    15 |    16 |       |       |       |       ||    31
       Evoke Blink       |       |       |       |       |       |       |       |       |     1 ||     1
Evoke: Wand              |       |       |       |    15 |    30 |    23 |    17 |    27 |    10 ||   122
       Phial of floods   |       |       |       |     2 |     2 |       |     3 |       |       ||     7
       Lightning rod     |       |       |       |       |       |     1 |     7 |     9 |       ||    17
       Sack of spiders   |       |       |       |       |       |     1 |       |     2 |       ||     3
       Fan of gales      |       |       |       |       |       |       |     1 |     3 |     1 ||     5
       Lamp of fire      |       |       |       |       |       |       |     1 |     1 |       ||     2
       Box of beasts     |       |       |       |       |       |       |       |     5 |       ||     5
  Use: Scroll            |     2 |       |    13 |    11 |    20 |    11 |    20 |    20 |     6 ||   103
       Potion            |       |     3 |     8 |     3 |     6 |     7 |     6 |    11 |    10 ||    54
 Stab: Sleeping          |       |     5 |     8 |    12 |     2 |     5 |    36 |     8 |       ||    76
       Paralysed         |       |       |       |    17 |    17 |     7 |     1 |       |       ||    42
       Distracted        |       |       |       |     8 |    26 |    20 |    23 |    36 |     9 ||   122
       Invisible         |       |       |       |       |       |       |     5 |       |       ||     5
       Petrified         |       |       |       |       |       |       |    12 |       |       ||    12
       Petrifying        |       |       |       |       |       |       |     2 |       |       ||     2
  Eat: Chunk             |     1 |     4 |     2 |     6 |     6 |     1 |     3 |     4 |     2 ||    29
       Ration            |       |     2 |     3 |     8 |    16 |    16 |    16 |    13 |     3 ||    77
Armor: Scale mail        |    59 |       |       |       |       |       |       |       |       ||    59
       Ring mail         |     2 |    82 |    68 |   156 |       |       |       |       |       ||   308
       Leather armour    |       |     7 |    24 |       |       |       |       |       |       ||    31
       Skin              |       |       |    65 |    17 |       |       |       |       |       ||    82
       Chain mail        |       |       |       |    73 |   508 |   435 |     6 |       |       ||  1022
       Fire dragon scale |       |       |       |       |       |       |   363 |   735 |   262 ||  1360
Dodge: Dodged            |    37 |    90 |   119 |   337 |   445 |   432 |   411 |   434 |   189 ||  2494
Block: Shield            |    99 |    90 |   181 |   408 |   665 |   486 |   498 |   694 |   284 ||  3405

Table legend:
 A = Spawn XP
 B = Non-spawn XP
 C = Spawn XP percentage of total XP
 D = Spawn monster count
 E = Non-spawn monster count
 F = Spawn count percentage of total count
 G = Total turns spent on level
                    A         B        C        D         E        F      G
               +---------+---------+-------+---------+---------+-------+---------
         Total |   44093 | 1038586 |   4.1 |      84 |    2318 |   3.5 | 58573
               +---------+---------+-------+---------+---------+-------+---------
           D:1 |       0 |      47 |   0.0 |       0 |      26 |   0.0 |  1169
           D:2 |       0 |     131 |   0.0 |       0 |      29 |   0.0 |   960
           D:3 |       0 |     108 |   0.0 |       0 |      18 |   0.0 |  1333
           D:4 |       0 |     141 |   0.0 |       0 |      10 |   0.0 |   680
           D:5 |       0 |     851 |   0.0 |       0 |      18 |   0.0 |  1153
           D:6 |       0 |     985 |   0.0 |       0 |      22 |   0.0 |  1029
           D:7 |       0 |    1189 |   0.0 |       0 |      20 |   0.0 |  1273
           D:8 |       0 |    3075 |   0.0 |       0 |      31 |   0.0 |  1277
           D:9 |       0 |    4112 |   0.0 |       0 |      34 |   0.0 |   960
          D:10 |       0 |    2131 |   0.0 |       0 |      19 |   0.0 |  1263
          D:11 |       0 |   10098 |   0.0 |       0 |      51 |   0.0 |  2348
          D:12 |       0 |    5811 |   0.0 |       0 |      32 |   0.0 |  1162
          D:13 |       0 |    9190 |   0.0 |       0 |      30 |   0.0 |  1482
          D:14 |       0 |    6723 |   0.0 |       0 |      28 |   0.0 |  1131
          D:15 |       0 |    9017 |   0.0 |       0 |      26 |   0.0 |  1229
        Lair:1 |       0 |    3792 |   0.0 |       0 |      22 |   0.0 |  1863
        Lair:2 |       0 |    7429 |   0.0 |       0 |      54 |   0.0 |  1066
        Lair:3 |       0 |    7670 |   0.0 |       0 |      20 |   0.0 |  1225
        Lair:4 |       0 |    8265 |   0.0 |       0 |      24 |   0.0 |  1142
        Lair:5 |       0 |    5302 |   0.0 |       0 |      20 |   0.0 |   923
        Lair:6 |       0 |   17252 |   0.0 |       0 |      72 |   0.0 |   832
       Swamp:1 |       0 |   15412 |   0.0 |       0 |      57 |   0.0 |   825
       Swamp:2 |       0 |   12089 |   0.0 |       0 |      39 |   0.0 |  1135
       Swamp:3 |       0 |   12514 |   0.0 |       0 |      31 |   0.0 |   790
       Swamp:4 |       0 |   14207 |   0.0 |       0 |      42 |   0.0 |   461
      Spider:1 |       0 |    8476 |   0.0 |       0 |      29 |   0.0 |   814
      Spider:2 |       0 |   15992 |   0.0 |       0 |      60 |   0.0 |   971
      Spider:3 |       0 |   13941 |   0.0 |       0 |      35 |   0.0 |  1325
      Spider:4 |       0 |   30315 |   0.0 |       0 |     138 |   0.0 |   859
         Orc:1 |       0 |    2249 |   0.0 |       0 |      12 |   0.0 |   515
         Orc:2 |       0 |   12726 |   0.0 |       0 |      89 |   0.0 |  1312
         Elf:1 |       0 |   14466 |   0.0 |       0 |      29 |   0.0 |   745
         Elf:2 |       0 |   35961 |   0.0 |       0 |      73 |   0.0 |  1285
         Elf:3 |       0 |   46171 |   0.0 |       0 |      50 |   0.0 |  1651
      Vaults:1 |       0 |   42217 |   0.0 |       0 |     104 |   0.0 |  1241
      Vaults:2 |       0 |   34262 |   0.0 |       0 |      71 |   0.0 |  1646
      Vaults:3 |       0 |   21951 |   0.0 |       0 |      64 |   0.0 |  1467
      Vaults:4 |       0 |   50715 |   0.0 |       0 |      83 |   0.0 |  2062
      Vaults:5 |       0 |  119978 |   0.0 |       0 |     136 |   0.0 |  2121
       Crypt:1 |       0 |   23264 |   0.0 |       0 |      40 |   0.0 |   945
       Crypt:2 |       0 |   15017 |   0.0 |       0 |      34 |   0.0 |   490
       Crypt:3 |       0 |    1044 |   0.0 |       0 |       4 |   0.0 |    12
      Depths:1 |       0 |   29094 |   0.0 |       0 |      58 |   0.0 |  1459
      Depths:2 |       0 |   24488 |   0.0 |       0 |      37 |   0.0 |  1324
      Depths:3 |       0 |   77522 |   0.0 |       0 |      84 |   0.0 |  1811
      Depths:4 |       0 |   72549 |   0.0 |       0 |      95 |   0.0 |  1638
      Depths:5 |       0 |  117957 |   0.0 |       0 |     102 |   0.0 |  2438
         Zot:1 |       0 |   32568 |   0.0 |       0 |      31 |   0.0 |   193
       Abyss:1 |    1056 |    2302 |  31.4 |       3 |       8 |  27.3 |   120
       Abyss:2 |   12460 |   12221 |  50.5 |      10 |      14 |  41.7 |   325
       Abyss:3 |   25182 |   23456 |  51.8 |      69 |      61 |  53.1 |   755
       Abyss:4 |    5395 |     143 |  97.4 |       2 |       2 |  50.0 |   247
               +---------+---------+-------+---------+---------+-------+---------
